 Dungeon Crawl Stone Soup version 0.17-a0-977-g4154171 (webtiles) character file.

548503 esc the Archmage (level 25, -2/123 HPs)
             Began as a Spriggan Conjurer on Apr 28, 2015.
             Was the Champion of Vehumet.
             Killed from afar by an acid blob (3 damage)
             ... with a splash of acid
             ... on level 5 of the Pits of Slime on May 10, 2015.
             The game lasted 10:39:13 (134127 turns).

esc the Archmage (Spriggan Conjurer)              Turns: 134127, Time: 10:39:13

Health: -2/123     AC:  9    Str:  4    XL:     25   Next: 48%
Magic:  8/55       EV: 39    Int: 26    God:    Vehumet [******]
Gold:   4931       SH:  0    Dex: 22    Spells: 14 memorised, 12 levels left

rFire  + . .     SeeInvis +     H - staff of conjuration {!a}
rCold  + . .     Clarity  .     N - +2 robe {rC+ rF+}
rNeg   . . .     SustAb   .     (shield restricted)
rPois  +         Gourm    .     v - +2 hat
rElec  .         Spirit   .     x - +2 cloak {rPois}
rCorr  .         Warding  .     (gloves unavailable)
rMut   +         Stasis   .     (boots unavailable)
MR     ++++.                    P - amulet of resist mutation {rMut, !d}
Stlth  +++++.....               U - ring of Shaolin {EV+8}
                                T - ring "Oduczoat" {Wiz Dex+5}

@: very slightly contaminated, hasted, very quick, incredibly resistant to
hostile enchantments, quite stealthy
A: unfitting armour, see invisible, clumsy 1, herbivore 3, speed 3, slow
metabolism 2
a: Renounce Religion
}: 2/15 runes: decaying, serpentine


You were on level 5 of the Pits of Slime.
You worshipped Vehumet.
Vehumet was exalted by your worship.
You were not hungry.

You visited 10 branches of the dungeon, and saw 55 of its levels.
You visited the Abyss 1 time.
You also visited: Labyrinth and Bailey.

You collected 7183 gold pieces.
You spent 2252 gold pieces at shops.

Inventory:

Hand weapons
 d - a +9 short sword of protection
   (You found it on level 1 of the Dungeon)
 t - a +0 blowgun
   (You took it off a kobold on level 5 of the Dungeon)
Missiles
 h - 7 throwing nets {=f, !d}
 m - 112 poisoned needles (quivered)
Armour
 v - a +2 hat (worn)
   (You took it off an octopode crusher on level 2 of the Depths)
 x - a +2 cloak of poison resistance (worn)
   (You acquired it on level 1 of the Vaults)
 N - a +2 robe of resistance (worn)
   (You took it off Jorgrun on level 2 of the Depths)
Magical staves
 z - an uncursed staff of power {MP+17, !a}
   (You found it in a labyrinth)
 H - an uncursed staff of conjuration (weapon) {!a}
   (You took it off a centaur warrior on level 1 of the Vaults)
Rods
 b - a +5 rod of shadows (13/13)
   (You took it off a deep elf annihilator on level 3 of the Elven Halls)
 j - a +0 rod of the swarm (9/9) {!a}
   (You found it on level 5 of the Dungeon)
Jewellery
 C - the brooch of Shielding {Ward rN+ AC+4 EV+4}
   (You found it in a labyrinth)

   [amulet of warding]

   It may prevent the melee attacks of summoned creatures.
   It affects your AC (+4).
   It affects your evasion (+4).
   It protects you from negative energy.
 P - an amulet of resist mutation (around neck) {rMut, !d}
   (You found it on level 7 of the Lair of Beasts)
 T - the ring "Oduczoat" (left hand) {Wiz Dex+5}
   (You found it on level 1 of the Swamp)

   [ring of wizardry]

   It improves your spell success rate.
   It affects your dexterity (+5).
 U - the ring of Shaolin (right hand) {EV+8}
   (You bought it in a shop on level 1 of the Orcish Mines)

   [ring of evasion]

   It affects your evasion (+8).
Magical devices
 a - a wand of digging (5)
   (You found it on level 1 of the Snake Pit)
 o - a wand of polymorph (15)
   (You found it on level 4 of the Lair of Beasts)
 D - a wand of invisibility (2)
   (You took it off Maud on level 13 of the Dungeon)
 M - a wand of draining (5)
   (You found it on level 10 of the Dungeon)
 R - a wand of teleportation (5)
   (You found it on level 1 of the Swamp)
 S - a wand of hasting (4)
   (You took it off Jorgrun on level 2 of the Depths)
Scrolls
 e - 22 scrolls of remove curse
 i - 4 scrolls of blinking {!r}
 n - a scroll of holy word {!r}
 y - 17 scrolls of teleportation
 A - 5 scrolls of enchant armour
 B - 4 scrolls of magic mapping {!r}
 G - 5 scrolls of amnesia
 K - 13 scrolls of recharging
 W - 26 scrolls of identify
 Y - 8 scrolls of fog
Potions
 g - 5 potions of cure mutation {!q}
 k - 8 potions of curing
 l - a potion of magic
 p - 3 potions of heal wounds
 r - 4 potions of brilliance
 s - 2 potions of flight
 w - 5 potions of agility
 Q - 4 potions of resistance
 V - 4 potions of cancellation
Miscellaneous
 f - a disc of storms
   (You found it on level 2 of the Vaults)
 q - a fan of gales
   (You found it on level 3 of the Depths)
 u - a stone of tremors
   (You found it on level 2 of the Vaults)
 F - a phial of floods
   (You found it on level 7 of the Lair of Beasts)
 I - a lamp of fire
   (You found it on level 8 of the Lair of Beasts)
 J - a disc of storms
   (You found it on level 13 of the Dungeon)
 L - a lamp of fire
   (You bought it in a shop on level 4 of the Orcish Mines)
 O - a phantom mirror
 X - a crystal ball of energy
   (You found it on level 1 of the Elven Halls)
 Z - a lamp of fire
   (You found it on level 2 of the Depths)
Comestibles
 c - 14 bread rations {@e1}


   Skills:
 - Level 10.1 Fighting
 - Level 9.0 Short Blades
 - Level 12.0 Dodging
 - Level 9.0 Stealth
 O Level 27 Spellcasting
 + Level 17.2 Conjurations
 - Level 11.0 Charms
 - Level 2.1 Necromancy
 - Level 8.5 Translocations
 - Level 9.1 Fire Magic
 + Level 17.6 Ice Magic
 - Level 7.3 Air Magic
 - Level 8.5 Poison Magic
 - Level 9.2 Evocations


You had 12 spell levels left.
You knew the following spells:

 Your Spells              Type           Power        Failure   Level  Hunger
a - Glaciate              Conj/Ice       ########..   7%          9    #####..
b - Dazzling Spray        Conj/Hex       #######.     1%          3    None
c - Poisonous Cloud       Conj/Pois/Air  #######...   1%          6    None
d - Tukima's Dance        Hex            #####...     1%          3    None
e - Force Lance           Conj/Tloc      ########     1%          4    None
f - Mephitic Cloud        Conj/Pois/Air  #######.     1%          3    None
g - Fireball              Conj/Fire      ########..   1%          5    None
h - Bolt of Fire          Conj/Fire      ########..   1%          6    None
i - Haste                 Chrm           #######.     1%          6    None
j - Freezing Cloud        Conj/Ice/Air   ########..   1%          6    None
r - Regeneration          Chrm/Necr      ######....   1%          3    None
s - Sticky Flame          Conj/Fire      ########     1%          4    None
A - Ozocubu's Armour      Chrm/Ice       #######.     0%          3    None
S - Phase Shift           Tloc           ######....   1%          5    None


Dungeon Overview and Level Annotations

Branches:
Dungeon (15/15)            Temple (1/1) D:7            Lair (8/8) D:8
  Swamp (4/4) Lair:4        Snake (4/4) Lair:6        Slime (6/6) Lair:6
    Orc (4/4) D:10            Elf (3/3) Orc:3        Vaults (5/5) D:14
  Crypt (0/3) Vaults:2     Depths (5/5) D:15            Zot (0/5) Depths:5

Altars:
Ashenzari
Cheibriados
Dithmenos
Elyvilon
Fedhas
Gozag
Makhleb
Nemelex Xobeh
Qazlal
Trog
Vehumet
Xom
Yredelemnul
Zin
The Shining One
Beogh

Shops:
D:11 (   Orc:1 =   Orc:4 *[?(*   Elf:3 ?   Snake:1 *

Portals:
Hell: Lair:8 Depths:1 Depths:2 Depths:3 Depths:4 Depths:5
Abyss: Depths:3 Depths:4
Pandemonium: Depths:3
Ziggurat: Depths:1

Annotations:
D:7 4 runed doors
Slime:6 Royal Jelly
Elf:2 1 runed door, exclusion: Roxanne, Roxanne


Innate Abilities, Weirdness & Mutations

You are tiny and cannot use many weapons and most armour.
You have supernaturally acute eyesight.
You are a herbivore.
You cover ground extremely quickly.
You need consume almost no food.
You are clumsy. (Dex -2)


Message History

You now have 27/55 mp.
You feel a surge of power!
The royal jelly is engulfed in freezing vapours.
The royal jelly shudders.
The royal jelly spits out another jelly.
A death ooze comes into view.
You now have 21/55 mp.
Aim: an azure jelly (severely wounded)
You feel a surge of power!
You hear a sizzling sound!
The royal jelly is engulfed in freezing vapours.
The royal jelly shudders.
The royal jelly spits out another jelly.
The death ooze is engulfed in freezing vapours.
The azure jelly is engulfed in freezing vapours.
An azure jelly comes into view.
You now have 15/55 mp.
The royal jelly is engulfed in freezing vapours.
The royal jelly shudders.
The royal jelly spits out another jelly.
The death ooze is engulfed in freezing vapours.
The royal jelly is engulfed in freezing vapours.
The azure jelly is engulfed in freezing vapours. x2
You climb upwards.
The slime creature quivers. x2
A jelly, an acid blob and 7 slime creatures come into view.
The slime creature quivers.
Two slime creatures merge to form a large slime creature.
An acid blob, 2 slime creatures and a golden eye come into view.
There is a stone staircase leading down here.
The acid blob quivers.
A death ooze comes into view.
The slime creature quivers.
You feel yourself speed up.
You are very lightly contaminated with residual magic.
The slime creature quivers. x2
The death ooze quivers.
The jelly quivers.
The slime creature quivers.
The acid blob quivers.
The slime creature jiggles.
You now have 11/55 mp.
Two slime creatures merge to form a very large slime creature.
The death ooze jiggles.
Unknown command.
A jelly comes into view.
The jelly moves out of view.
Aim: a death ooze You feel a surge of power!
The bolt of fire hits the death ooze.
You destroy the death ooze!
Vehumet accepts your kill.
You feel your power returning.
The jelly quivers.
You now have 11/55 mp.
Aim: a jelly You feel a surge of power!
The bolt of fire hits the jelly.
You kill the jelly!
Vehumet accepts your kill.
You now have 6/55 mp.
The walls burn you!
You take 4 damage, and have 119/123 hp.
The wall burns you!
You take 4 damage, and have 115/123 hp.
The walls burn you!
You take 5 damage, and have 110/123 hp.
The walls burn you!
You take 8 damage, and have 102/123 hp.
Nothing appears to happen.
This wand has 6 charges left.
The walls burn you!
You take 15 damage, and have 87/123 hp.
The slime shatters into small pieces.
This wand has 5 charges left.
The walls burn you!
You take 8 damage, and have 79/123 hp.
The walls burn you!
You take 29 damage, and have 50/123 hp.
MASSIVE DAMAGE!!
The walls burn you!
* * * LOW HITPOINT WARNING * * *
You take 16 damage, and have 34/123 hp.
Unknown command.
The walls burn you!
* * * LOW HITPOINT WARNING * * *
You take 16 damage, and have 18/123 hp.
The wall burns you!
* * * LOW HITPOINT WARNING * * *
You take 4 damage, and have 14/123 hp.
Drink which item? (? for menu, Esc to quit)
You feel much better. The wall burns you!
* * * LOW HITPOINT WARNING * * *
You regained 12 hp, and now have 26/123 hp.
The walls burn you!
* * * LOW HITPOINT WARNING * * *
The acid blob spits acid at you. The splash of acid hits you!
* * * LOW HITPOINT WARNING * * *
The acid burns!
* * * LOW HITPOINT WARNING * * *
You take 21 damage, and have 5/123 hp.
Drink which item? (? for menu, Esc to quit)
You feel much better. The walls burn you!
* * * LOW HITPOINT WARNING * * *
The acid blob spits acid at you. The splash of acid hits you!
You die...

.## ..# ... ..<
... ... ### ...
### #.## ..
#########.##...#
# #........@..#.#
#######.......##
##..#....##
#...J....#
##.##J...##
###..J...#
#....J..##.. ..#
##..J.......
...####.J.....#..


You could see 2 acid blobs, 2 slime creatures and a jelly.

Vanquished Creatures
  A greater mummy (Depths:4)
  the Lernaean hydra (Swamp:4)
  Norris (Vaults:2)
  Saint Roka (Depths:4)
  4 golden dragons
  Jorgrun (Depths:2)
  A titan (Depths:3)
  Asterion (Elf:3)
  A lich (Depths:2)
  3 deep elf blademasters (Elf:3)
  5 acid blobs
  4 deep elf master archers (Elf:3)
  4 sphinxes
  Gastronok (D:9)
  3 octopode crushers
  4 tengu reavers
  Kirke (Lair:6)
  5 storm dragons
  2 shadow dragons
  2 azure jellies
  Wiglaf (Elf:2)
  6 greater nagas
  Donald (Orc:3)
  10 deep elf sorcerers
  Maud (D:13)
  17 frost giants
  10 fire giants
  4 vault wardens
  Aizul (Elf:2)
  Louise (Elf:2)
  2 draconian shifters (Depths:5)
  2 spriggan defenders
  30 stone giants
  13 ironheart preservers
  27 very ugly things
  4 green draconians
  7 vampire knights
  Nessos (D:13)
  3 deep elf demonologists
  4 deep elf annihilators (Elf:3)
  A yellow draconian (Depths:5)
  A white draconian (Depths:5)
  A purple draconian (Depths:4)
  A deep elf death mage (Elf:3)
  A mottled draconian (Depths:5)
  2 death oozes
  Snorg (Lair:5)
  A blizzard demon (Depths:2)
  A green death (Elf:3)
  A minotaur (Lab)
  A crystal guardian (Vaults:4)
  A merfolk impaler (Depths:4)
  8 vault guards
  13 ogre magi
  16 fire dragons
  17 ettins
  2 deep elf high priests
  Erolcha (D:12)
  10 rakshasas
  12 great orbs of eyes
  16 yaktaur captains
  Harold (Lair:4)
  18 naga warriors
  16 ice dragons
  22 hydras
  3 spriggan air magi
  7 entropy weavers
  A ghost crab (Swamp:3)
  A catoblepas (Lair:7)
  13 centaur warriors
  4 anacondas
  2 death knights (Vaults:2)
  17 dancing weapons (Elf:2)
  A salamander stormcaller (Vaults:4)
  16 deep troll earth magi
  20 deep troll shamans
  A thrashing horror (Depths:3)
  5 alligators
  4 spriggan berserkers
  10 tengu warriors
  7 shock serpents
  20 hell knights
  A queen ant (shapeshifter) (Vaults:1)
  A storm dragon zombie (Depths:4)
  4 orc high priests
  4 iron trolls
  A soul eater (Abyss:1)
  17 naga sharpshooters
  21 deep elf knights
  5 salamander mystics
  5 skeletal warriors (D:15)
  41 deep trolls
  A sun demon (Lair:8)
  The ghost of ImmaFairy the Changer, an experienced FoTm (D:10)
  4 shadow wraiths
  3 giant orange brains
  2 ice devils
  6 unseen horrors
  A shadow demon (Depths:3)
  4 sea snakes (Snake:4)
  A swamp dragon (shapeshifter) (D:14)
  7 deep elf summoners
  10 hill giants
  6 flayed ghosts
  4 spriggan druids
  5 shambling mangroves
  2 unseen horrors (shapeshifter)
  2 ice statues (Depths:2)
  3 harpies (shapeshifter)
  2 starcursed masses (Abyss:1)
  16 swamp dragons
  14 deep elf conjurers
  Pikel (D:7)
  7 wizards
  6 naga ritualists
  3 phantasmal warriors
  10 harpies
  10 ironbrand convokers
  3 shadow dragon zombies (Depths:4)
  3 tengu zombies
  A hill giant (shapeshifter) (Depths:2)
  7 necromancers
  A golden dragon skeleton (Depths:2)
  A mana viper (shapeshifter) (Depths:3)
  4 griffons
  18 orc knights
  A stone giant zombie (Depths:2)
  2 moths of wrath (shapeshifter)
  An orb spider (shapeshifter) (Depths:4)
  2 iron dragon zombies (Depths:4)
  3 wolf spiders
  2 shining eyes
  3 hornets
  11 orc sorcerers
  83 ugly things
  23 salamanders
  9 cyclopes
  10 mana vipers
  A worldbinder (Abyss:1)
  A sixfirhy (Lair:8)
  32 elephants
  Maurice (D:10)
  An eye of devastation (Slime:1)
  38 naga magi
  Joseph (D:7)
  10 guardian serpents
  66 black mambas
  5 orange demons
  7 gargoyles
  A spriggan zombie (Depths:4)
  Psyche (D:8)
  A torpor snail (Lair:7)
  A torpor snail (shapeshifter) (Vaults:3)
  18 spiny frogs
  8 centaur skeletons
  6 vault sentinels
  A black mamba (shapeshifter) (D:14)
  49 yaktaurs
  4 kobold demonologists
  3 tengu conjurers
  7 fire drakes
  3 efreet
  2 hellwings
  10 deep elf priests
  32 two-headed ogres
  6 blue devils
  A troll (shapeshifter) (Depths:2)
  9 komodo dragons
  3 red devils
  A tengu simulacrum (Depths:2)
  3 guardian mummies (Depths:4)
  3 polar bears
  3 jumping spiders
  5 giant leeches
  6 raiju (Abyss:1)
  40 blink frogs
  5 boulder beetles
  9 trolls
  A blink frog (shapeshifter) (Depths:4)
  3 air elementals (Depths:5)
  7 bog bodies
  44 ravens
  7 freezing wraiths
  84 slime creatures
  6 wraiths
  3 shadows
  2 tarantellas
  A trapdoor spider (shapeshifter) (Depths:2)
  8 spriggans
  12 redbacks
  2 trapdoor spiders (D:11)
  A large abomination (Abyss:1)
  3 basilisks
  A spriggan (shapeshifter) (Vaults:1)
  2 vampires
  4 hogs
  102 yaks
  18 hippogriffs
  A spriggan simulacrum (Depths:2)
  3 hungry ghosts
  27 wolves
  A basilisk (shapeshifter) (D:14)
  3 wyverns
  40 vampire mosquitoes
  28 deep elf magi
  10 water elementals
  6 golden eyes
  A chaos spawn (Abyss:1)
  A neqoxec (Abyss:1)
  62 nagas
  22 swamp worms
  A soldier ant (D:11)
  32 deep elf fighters
  8 wargs
  18 insubstantial wisps
  A redback simulacrum (D:15)
  A wolf (shapeshifter) (Depths:4)
  A harpy simulacrum (Vaults:1)
  28 water moccasins
  7 sky beasts
  A spider (shapeshifter) (Depths:3)
  A spider (Orc:4)
  2 black bears
  12 porcupines
  17 swamp drakes
  4 phantoms
  46 orc warriors
  10 wasps
  15 ice beasts
  2 small abominations (Abyss:1)
  47 ogres
  5 eyes of draining
  12 boggarts
  4 slaves
  26 crocodiles
  A centaur (shapeshifter) (Elf:2)
  18 centaurs
  24 giant frogs
  A gnoll sergeant (Orc:1)
  3 big kobolds
  5 scorpions
  A wyvern skeleton (D:12)
  9 wights
  2 killer bees
  30 orc priests
  9 crimson imps
  7 electric eels
  4 centaur zombies
  15 jellies
  8 hounds
  3 human simulacra
  57 orc wizards
  Crazy Yiuf (D:7)
  3 quasits
  Ijyb (D:3)
  An iron imp (Depths:3)
  2 giant frog skeletons
  10 worker ants
  Natasha (twice) (D:3)
  11 iguanas
  30 sheep
  5 mummies (Depths:4)
  A worker ant zombie (D:8)
  18 gnolls
  74 river rats
  11 adders
  3 white imps (Depths:3)
  7 shadow imps
  2 ufetubi
  An ooze (D:5)
  An adder zombie (D:5)
  An adder skeleton (D:10)
  4 worms
  9 giant geckos
  220 orcs
  A ball python (D:6)
  19 bats
  A bat zombie (D:7)
  7 giant cockroaches
  A goblin (shapeshifter) (Elf:3)
  25 hobgoblins
  6 jackals
  4 quokkas
  2 giant gecko skeletons (D:4)
  6 giant newts
  2 giant spores
  31 goblins
  49 kobolds
  A quokka zombie (D:6)
  12 rats
  33 ballistomycetes (D:7)
  3 butterflies
  6 fungi
  8 plants
2960 creatures vanquished.

Vanquished Creatures (collateral kills)
  A dire elephant (Lair:8)
  An ettin (D:15)
  A deep elf knight (D:15)
  A hill giant (D:15)
  2 ugly things (Depths:2)
  An orc knight (Orc:4)
  A deep elf priest (Vaults:1)
  A blink frog (Lair:5)
  A warg (Depths:4)
  The ghost of esc the Conjurer, an average SpCj (D:4)
  2 orc warriors (Bailey)
  A crocodile (Lair:8)
  A killer bee (Depths:4)
  A gnoll (Bailey)
  A giant spore (Depths:4)
17 creatures vanquished.

Vanquished Creatures (others)
  An unseen horror (Depths:4)
  7 dancing weapons
  A yaktaur (Depths:5)
  A raven (D:15)
  A water elemental (Snake:2)
  A fire elemental (Orc:1)
  A human (Lair:6)
  A naga (Snake:2)
  A spider (D:15)
  A wasp (Lair:5)
  A giant frog (D:14)
  A killer bee (Lair:8)
  5 worker ants
  An adder (D:2)
  A worm (Depths:4)
  An orc (Orc:1)
  13 giant spores (D:7)
  5 ballistomycetes (D:7)
  10 fungi
  14 plants
  2 starspawn tentacles (Abyss:1)
  16 starspawn tentacle segments (Abyss:1)
86 creatures vanquished.

Grand Total: 3063 creatures vanquished

Notes
Turn   | Place    | Note
--------------------------------------------------------------
     0 | D:1      | esc, the Spriggan Conjurer, began the quest for the Orb.
     0 | D:1      | Reached XP level 1. HP: 9/9 MP: 5/5
    69 | D:1      | Reached skill level 3 in Conjurations
   228 | D:1      | Reached XP level 2. HP: 11/13 MP: 0/6
  1100 | D:1      | Reached XP level 3. HP: 16/16 MP: 5/8
  1346 | D:2      | Found a shattered altar of Ashenzari.
  1563 | D:2      | Found a stormy altar of Qazlal.
  2144 | D:2      | Reached skill level 4 in Conjurations
  2419 | D:2      | Learned a level 3 spell: Dazzling Spray
  2479 | D:3      | Reached skill level 3 in Spellcasting
  2619 | D:3      | Reached XP level 4. HP: 21/21 MP: 3/9
  2685 | D:3      | Noticed Natasha
  2865 | D:3      | Noticed Ijyb
  3035 | D:3      | Killed Ijyb
  3086 | D:3      | Reached skill level 4 in Spellcasting
  3581 | D:4      | Reached XP level 5. HP: 20/24 MP: 4/13
  3708 | D:4      | Reached skill level 5 in Spellcasting
  3729 | D:4      | Noticed esc's ghost (average SpCj)
  3904 | D:3      | Killed Natasha
  3958 | D:3      | Noticed Natasha
  4220 | D:3      | Killed Natasha
  4444 | D:4      | Found an opulent altar of Gozag.
  4468 | D:4      | Noticed an ogre
  4487 | D:5      | Entered Level 5 of the Dungeon
  4539 | D:5      | Reached skill level 6 in Spellcasting
  4642 | D:5      | Found a glowing silver altar of Zin.
  4828 | D:5      | Identified a +0 rod of the swarm (9/9) (You found it on level 5 of the Dungeon)
  4892 | D:5      | Reached XP level 6. HP: 28/28 MP: 10/16
  5126 | D:4      | Noticed an ogre
  6093 | D:6      | Reached skill level 1 in Short Blades
  6203 | D:6      | Reached skill level 4 in Dodging
  6346 | D:6      | Reached skill level 2 in Short Blades
  6346 | D:6      | Reached XP level 7. HP: 32/32 MP: 11/17
  6642 | D:6      | Reached skill level 5 in Dodging
  6713 | D:6      | Reached skill level 3 in Short Blades
  6732 | D:6      | Reached skill level 4 in Short Blades
  6877 | D:6      | Found a basalt altar of Yredelemnul.
  7211 | D:7      | Noticed Crazy Yiuf
  7219 | D:7      | Killed Crazy Yiuf
  7384 | D:7      | Reached skill level 7 in Spellcasting
  7492 | D:7      | Noticed Joseph
  7532 | D:7      | HP: 2/32 [Joseph/sling bullet (18)]
  7669 | D:7      | Reached skill level 5 in Conjurations
  7669 | D:7      | Reached XP level 8. HP: 36/36 MP: 11/20
  7778 | D:7      | Killed Joseph
  7778 | D:7      | Reached skill level 9 in Spellcasting
  8307 | D:8      | Reached skill level 10 in Spellcasting
  8466 | D:8      | Found a flagged portal.
  8475 | Bailey   | Entered a bailey
  8508 | Bailey   | Learned a level 4 spell: Iskenderun's Mystic Blast
  8775 | Bailey   | Reached skill level 11 in Spellcasting
  8783 | Bailey   | Reached XP level 9. HP: 39/39 MP: 2/25
  8926 | Bailey   | Found a burning altar of Makhleb.
  9022 | D:8      | Found a snail-covered altar of Cheibriados.
  9099 | D:8      | Learned a level 2 spell: Searing Ray
  9220 | D:8      | Found a sparkling altar of Nemelex Xobeh.
  9456 | D:8      | Noticed a fire drake
  9457 | D:8      | Found a staircase to the Lair.
  9472 | D:8      | Killed a fire drake
  9472 | D:8      | Reached skill level 12 in Spellcasting
  9616 | D:8      | Noticed Psyche
  9637 | D:8      | Killed Psyche
  9714 | D:8      | Reached skill level 13 in Spellcasting
 10164 | D:7      | Learned a level 3 spell: Tukima's Dance
 10578 | D:7      | Reached skill level 14 in Spellcasting
 10606 | D:7      | Found a huge runed gate.
 10609 | D:7      | Found a huge runed gate.
 10610 | D:7      | Found a huge runed gate.
 10610 | D:7      | Noticed a griffon
 10610 | D:7      | Noticed a polar bear
 10612 | D:7      | Noticed a yak
 10612 | D:7      | Noticed a yak
 10613 | D:7      | Noticed a polar bear
 10614 | D:7      | Noticed a polar bear
 10615 | D:7      | Noticed a griffon
 10616 | D:7      | Found a huge runed gate.
 10616 | D:7      | Noticed a griffon
 10618 | D:7      | Noticed a polar bear
 10797 | D:7      | Noticed Pikel
 11366 | D:7      | Found a staircase to the Ecumenical Temple.
 11398 | Temple   | Entered the Ecumenical Temple
 11475 | Temple   | Became a worshipper of Vehumet
 12060 | D:7      | Killed Pikel
 12060 | D:7      | Reached XP level 10. HP: 44/44 MP: 23/29
 12557 | D:5      | Lost strength.
 13220 | D:4      | Killed esc's ghost
 13335 | D:4      | Reached skill level 15 in Spellcasting
 13423 | D:4      | Killed an ogre
 13474 | D:4      | Acquired Vehumet's first power
 13474 | D:4      | Offered knowledge of Flame Tongue by Vehumet.
 13590 | D:4      | Killed an ogre
 13837 | Lair:1   | Entered Level 1 of the Lair of Beasts
 13837 | Lair:1   | Noticed a black mamba
 13844 | Lair:1   | Killed a black mamba
 13850 | Lair:1   | Learned a level 4 spell: Force Lance
 13934 | Lair:1   | Reached skill level 1 in Translocations
 13966 | Lair:1   | Reached skill level 2 in Translocations
 14038 | Lair:1   | Found a frozen archway.
 14056 | Lair:1   | Reached skill level 3 in Translocations
 14059 | Lair:1   | Reached skill level 4 in Translocations
 14144 | Lair:1   | Noticed a black mamba
 14148 | Lair:1   | Reached skill level 5 in Translocations
 14393 | Lair:1   | Killed a black mamba
 14393 | Lair:1   | Reached skill level 7 in Translocations
 14585 | D:8      | Reached skill level 8 in Translocations
 15040 | Lair:2   | Reached skill level 1 in Fighting
 15254 | D:8      | Upgraded the game from 0.17-a0-854-g4a4ba72 to 0.17-a0-957-ga3519be
 15435 | D:8      | Reached skill level 6 in Dodging
 15714 | D:9      | Reached XP level 11. HP: 39/49 MP: 14/31
 15804 | D:9      | Got a crude ring mail
 16032 | D:9      | Offered knowledge of Throw Frost by Vehumet.
 16037 | D:9      | Reached skill level 5 in Short Blades
 16090 | D:9      | Noticed Gastronok
 16513 | D:9      | Killed Gastronok
 16513 | D:9      | Reached skill level 2 in Fighting
 16513 | D:9      | Reached skill level 7 in Dodging
 16850 | D:9      | Reached skill level 8 in Dodging
 17120 | D:10     | Entered Level 10 of the Dungeon
 17172 | Lair:1   | Reached skill level 3 in Fighting
 17172 | Lair:1   | Reached skill level 6 in Short Blades
 17523 | Lair:1   | Learned a level 3 spell: Ozocubu's Armour
 17617 | Lair:1   | Reached skill level 1 in Ice Magic
 17829 | Lair:1   | Reached skill level 2 in Ice Magic
 18030 | Lair:1   | Offered knowledge of Mephitic Cloud by Vehumet.
 18038 | Lair:1   | Reached skill level 3 in Ice Magic
 18231 | Lair:1   | Learned a level 3 spell: Mephitic Cloud
 18302 | Lair:1   | Reached skill level 1 in Air Magic
 18302 | Lair:1   | Reached skill level 1 in Poison Magic
 18365 | Lair:1   | Acquired Vehumet's second power
 18818 | Lair:2   | Reached skill level 2 in Poison Magic
 18975 | Lair:2   | Reached skill level 2 in Air Magic
 19104 | Lair:2   | Noticed a four-headed hydra
 19115 | Lair:2   | Killed a four-headed hydra
 19115 | Lair:2   | Reached skill level 3 in Air Magic
 19115 | Lair:2   | Reached skill level 3 in Poison Magic
 19386 | Lair:2   | Learned a level 5 spell: Fireball
 19570 | Lair:2   | Reached skill level 1 in Fire Magic
 19898 | Lair:2   | Offered knowledge of Stone Arrow by Vehumet.
 20247 | Lair:3   | Reached skill level 2 in Fire Magic
 20247 | Lair:3   | Reached XP level 12. HP: 54/56 MP: 26/32
 20732 | Lair:3   | Found a dark tunnel.
 21017 | Lair:4   | Noticed Harold
 21239 | Lair:3   | Reached skill level 3 in Fire Magic
 21884 | Lair:4   | Reached skill level 4 in Fire Magic
 22117 | Lair:4   | Acquired Vehumet's third power
 22161 | Lair:4   | Reached skill level 5 in Fire Magic
 22826 | Lair:3   | Reached skill level 6 in Fire Magic
 22833 | Lair:3   | Offered knowledge of Sticky Flame by Vehumet.
 22839 | Lair:3   | Learned a level 4 spell: Sticky Flame
 22939 | Lair:4   | Killed Harold
 23263 | Lair:4   | Reached skill level 7 in Fire Magic
 23867 | Lair:4   | Reached skill level 8 in Fire Magic
 24058 | Lair:4   | Found a staircase to the Swamp.
 25336 | Lair:4   | Reached skill level 9 in Fire Magic
 25366 | Lair:4   | Learned a level 6 spell: Bolt of Fire
 25753 | Lair:4   | Reached XP level 13. HP: 26/60 MP: 4/33
 26471 | Lair:4   | Reached skill level 16 in Spellcasting
 26813 | Lair:5   | Found a basalt altar of Yredelemnul.
 26837 | Lair:5   | Offered knowledge of Iron Shot by Vehumet.
 27759 | Lair:5   | Reached skill level 17 in Spellcasting
 27973 | Lair:5   | Noticed Snorg
 28297 | Lair:5   | Killed Snorg
 29518 | Lair:5   | Upgraded the game from 0.17-a0-957-ga3519be to 0.17-a0-963-gaa5423c
 29534 | Lair:6   | Reached skill level 18 in Spellcasting
 30015 | Lair:6   | Noticed Kirke
 30314 | Lair:6   | Killed Kirke
 30571 | Lair:6   | Offered knowledge of Orb of Destruction by Vehumet.
 30595 | Lair:6   | Found a staircase to the Slime Pits.
 30817 | Lair:6   | Found a staircase to the Snake Pit.
 31264 | Lair:6   | Reached skill level 19 in Spellcasting
 31304 | Lair:6   | Reached XP level 14. HP: 61/65 MP: 2/38
 31494 | Lair:6   | Identified the Papyrus of the Stoat
 33431 | Lair:7   | Learned a level 3 spell: Regeneration
 33450 | Lair:7   | Learned a level 6 spell: Haste
 33482 | Lair:7   | Reached skill level 1 in Charms
 33503 | Lair:7   | Reached skill level 1 in Necromancy
 33512 | Lair:7   | Reached skill level 2 in Charms
 33704 | Lair:7   | Offered knowledge of Ozocubu's Refrigeration by Vehumet.
 33726 | Lair:7   | Reached skill level 3 in Charms
 34047 | Lair:7   | Reached skill level 2 in Necromancy
 34300 | Lair:7   | Reached skill level 4 in Charms
 34500 | Lair:7   | Reached skill level 5 in Charms
 34584 | Lair:7   | Got a warped robe
 34595 | Lair:7   | Identified the +1 robe "Gakhy" {rElec} (You found it on level 7 of the Lair of Beasts)
 34763 | Lair:7   | Reached skill level 6 in Charms
 35073 | Lair:7   | Reached skill level 7 in Charms
 35258 | Lair:8   | Entered Level 8 of the Lair of Beasts
 35493 | Lair:8   | Reached skill level 8 in Charms
 35615 | Lair:8   | Reached skill level 9 in Charms
 35705 | Lair:8   | HP: 10/65 [elephant (16)]
 36065 | Lair:7   | Reached skill level 10 in Charms
 36353 | Lair:8   | Identified a +0 iron rod (10/10) (You found it on level 8 of the Lair of Beasts)
 36814 | Lair:8   | Reached skill level 11 in Charms
 37115 | Lair:8   | Learned a level 5 spell: Phase Shift
 37150 | Lair:8   | Reached skill level 20 in Spellcasting
 38156 | Lair:8   | Found a burning altar of Makhleb.
 38533 | Lair:8   | Found a gateway to Hell.
 38577 | Lair:8   | Offered knowledge of Poisonous Cloud by Vehumet.
 39245 | D:10     | Found a staircase to the Orcish Mines.
 39276 | D:10     | HP: 10/65 [orc warrior/glaive (13)]
 39576 | D:10     | Noticed ImmaFairy's ghost (experienced FoTm)
 39608 | D:10     | Killed ImmaFairy's ghost
 39608 | D:10     | Reached XP level 15. HP: 58/68 MP: 3/40
 40290 | D:10     | Noticed a hill giant
 40326 | D:10     | Killed a hill giant
 40684 | Orc:1    | Entered Level 1 of the Orcish Mines
 40692 | Orc:1    | Found Boibeluc's Jewellery Shoppe.
 41035 | Orc:1    | Noticed Maurice
 41346 | D:10     | Killed Maurice
 42417 | Orc:1    | Found a roughly hewn altar of Beogh.
 42559 | Orc:1    | Bought the ring of Shaolin {EV+8} for 1408 gold pieces
 42707 | Orc:1    | Reached skill level 21 in Spellcasting
 42718 | Orc:1    | Learned a level 6 spell: Poisonous Cloud
 43112 | Orc:2    | Found a bloodstained altar of Trog.
 43397 | Orc:3    | Found a staircase to the Elven Halls.
 43984 | Orc:3    | Noticed Donald
 44027 | Orc:3    | Killed Donald
 44454 | Orc:4    | Entered Level 4 of the Orcish Mines
 44476 | Orc:4    | Reached skill level 4 in Poison Magic
 44602 | Orc:2    | Offered knowledge of Freezing Cloud by Vehumet.
 45580 | Orc:4    | Reached skill level 4 in Air Magic
 46376 | Orc:4    | Reached skill level 5 in Poison Magic
 46495 | Orc:4    | Found Toekhleh's General Store.
 47019 | Orc:4    | Found Qiplop's Weapon Shoppe.
 47023 | Orc:4    | Found Urocerul's Magic Scroll Boutique.
 47029 | Orc:4    | Bought a scroll of identify for 20 gold pieces
 47029 | Orc:4    | Bought a scroll of amnesia for 35 gold pieces
 47029 | Orc:4    | Bought a scroll of identify for 20 gold pieces
 47029 | Orc:4    | Bought a scroll of teleportation for 30 gold pieces
 47029 | Orc:4    | Bought a scroll of blinking for 75 gold pieces
 47030 | Orc:4    | Found Puuffovviss's Armour Boutique.
 47034 | Orc:4    | Found Oqao's Assorted Antiques.
 47427 | D:11     | Found Qumuta's Antique Weapon Shop.
 47823 | D:11     | Reached skill level 6 in Conjurations
 48053 | D:11     | Offered knowledge of Conjure Ball Lightning by Vehumet.
 48435 | D:11     | Reached skill level 5 in Air Magic
 48435 | D:11     | Reached skill level 6 in Poison Magic
 49868 | D:12     | Found a labyrinth entrance.
 49877 | Lab      | Entered a labyrinth
 50369 | Lab      | Identified a +7 rod of clouds (14/14) (You found it in a labyrinth)
 50377 | Lab      | Got a shimmering robe
 50377 | Lab      | Identified the Guide on Boosting Flight (You found it in a labyrinth)
 50391 | Lab      | Identified the +0 robe of Yhi Zaq {Str+3} (You found it in a labyrinth)
 50664 | D:12     | Identified a -1 rod of inaccuracy (9/9) (You found it on level 12 of the Dungeon)
 51251 | D:12     | Noticed Erolcha
 51260 | D:12     | Killed Erolcha
 51792 | D:13     | Noticed Maud
 51816 | D:13     | Killed Maud
 52158 | D:13     | Reached skill level 6 in Air Magic
 52158 | D:13     | Reached skill level 7 in Poison Magic
 52948 | D:13     | Noticed Nessos
 52987 | D:13     | Killed Nessos
 52987 | D:13     | Reached skill level 7 in Conjurations
 53309 | D:13     | Got a shimmering robe
 53360 | D:13     | Identified the +1 robe "Hyhicadd" {rF+} (You found it on level 13 of the Dungeon)
 53462 | D:13     | Reached XP level 16. HP: 72/72 MP: 30/42
 54088 | D:14     | Found a stormy altar of Qazlal.
 54679 | D:14     | Offered knowledge of Spellforged Servitor by Vehumet.
 54924 | D:14     | Reached skill level 8 in Poison Magic
 54933 | D:14     | Reached skill level 7 in Air Magic
 55653 | D:14     | Found a gate to the Vaults.
 55691 | D:14     | HP: 17/72 [poisoned by something (poison gas)]
 56413 | D:15     | Entered Level 15 of the Dungeon
 57543 | D:15     | Found a staircase to the Depths.
 57740 | D:15     | Offered knowledge of Lehudib's Crystal Spear by Vehumet.
 57740 | D:15     | Offered knowledge of Glaciate by Vehumet.
 57740 | D:15     | Offered knowledge of Tornado by Vehumet.
 58622 | D:15     | HP: 8/72 [skeletal warrior/scimitar (18)]
 58651 | D:15     | HP: 13/72 [skeletal warrior/war axe (19)]
 58991 | D:15     | Reached skill level 22 in Spellcasting
 59778 | Swamp:1  | Entered Level 1 of the Swamp
 62544 | Swamp:1  | Got a wavering glass ring
 62546 | Swamp:1  | Identified the ring "Oduczoat" {Wiz Dex+5} (You found it on level 1 of the Swamp)
 62941 | Swamp:2  | Reached XP level 17. HP: 76/76 MP: 2/44
 63379 | Swamp:2  | Reached skill level 23 in Spellcasting
 64087 | Swamp:2  | Reached skill level 9 in Dodging
 64598 | Swamp:2  | Reached skill level 10 in Dodging
 65583 | Swamp:3  | Reached skill level 11 in Dodging
 65764 | Swamp:2  | Upgraded the game from 0.17-a0-963-gaa5423c to 0.17-a0-968-gf8e1f1d
 66269 | Swamp:3  | Reached skill level 12 in Dodging
 67051 | Swamp:4  | Entered Level 4 of the Swamp
 67118 | Swamp:4  | Reached skill level 4 in Fighting
 67417 | Swamp:4  | Reached skill level 7 in Short Blades
 68069 | Swamp:4  | Reached skill level 5 in Fighting
 68640 | Swamp:4  | Reached skill level 8 in Short Blades
 69425 | Swamp:4  | Reached skill level 6 in Fighting
 69594 | Swamp:4  | Noticed the 27-headed Lernaean hydra
 69727 | Swamp:4  | Killed the 27-headed Lernaean hydra
 70076 | Swamp:4  | Reached skill level 9 in Short Blades
 70194 | Swamp:4  | Got a decaying rune of Zot
 70412 | Snake:1  | Entered Level 1 of the Snake Pit
 70713 | Lair:5   | Reached skill level 7 in Fighting
 70926 | Snake:1  | Found Kumeghi's Assorted Antiques.
 70931 | Snake:1  | Bought a scroll labeled VILAJO VOREY for 32 gold pieces
 72391 | Snake:1  | Reached XP level 18. HP: 45/90 MP: 31/46
 72779 | Snake:2  | Reached skill level 8 in Fighting
 74759 | Snake:2  | Reached skill level 9 in Fighting
 75928 | Snake:2  | Reached skill level 10 in Fighting
 78855 | Snake:3  | Reached skill level 24 in Spellcasting
 79199 | Snake:3  | Found an opulent altar of Gozag.
 79639 | Snake:4  | Entered Level 4 of the Snake Pit
 81268 | Snake:4  | Reached XP level 19. HP: 91/98 MP: 45/48
 81726 | Snake:4  | Reached skill level 25 in Spellcasting
 83057 | Snake:4  | Got a serpentine rune of Zot
 84187 | Snake:4  | Upgraded the game from 0.17-a0-968-gf8e1f1d to 0.17-a0-977-g4154171
 84866 | Depths:1 | Entered Level 1 of the Depths
 85152 | D:15     | Reached skill level 26 in Spellcasting
 85690 | D:15     | Learned a level 9 spell: Glaciate
 85824 | Vaults:1 | Entered Level 1 of the Vaults
 86057 | D:14     | Reached skill level 4 in Ice Magic
 86135 | D:14     | Reached skill level 8 in Conjurations
 87199 | Vaults:1 | Reached skill level 5 in Ice Magic
 88228 | Vaults:1 | Reached skill level 9 in Conjurations
 88350 | Vaults:1 | Identified a scroll of acquirement
 88418 | Vaults:1 | Reached skill level 6 in Ice Magic
 88615 | Vaults:1 | Reached XP level 20. HP: 102/102 MP: 19/51
 89523 | Vaults:1 | Got an encrusted cloak
 89534 | Vaults:1 | Identified the +1 cloak "Uskurin" {-Tele rElec rPois Dex+3} (You acquired it on level 1 of the Vaults)
 90081 | Vaults:1 | Reached skill level 7 in Ice Magic
 90842 | Vaults:2 | Noticed Norris
 91601 | Vaults:2 | Killed Norris
 91601 | Vaults:2 | Reached skill level 10 in Conjurations
 91827 | Vaults:2 | Reached skill level 8 in Ice Magic
 93663 | Vaults:2 | Found a staircase to the Crypt.
 94506 | Vaults:3 | Reached skill level 9 in Ice Magic
 96170 | Vaults:3 | Reached skill level 11 in Conjurations
 97359 | Vaults:4 | Got a faintly glowing shortbow
 97360 | Vaults:4 | Identified the +7 shortbow "Ojeff" {flame, +Blink MR+} (You found it on level 4 of the Vaults)
 97437 | Vaults:4 | Reached skill level 10 in Ice Magic
 97624 | Vaults:4 | Reached XP level 21. HP: 104/107 MP: 52/52
 99741 | Vaults:5 | Entered Level 5 of the Vaults
 99755 | Vaults:4 | Reached skill level 12 in Conjurations
100596 | D:10     | Reached skill level 11 in Ice Magic
100634 | Elf:1    | Entered Level 1 of the Elven Halls
101221 | Elf:1    | Reached skill level 1 in Evocations
101382 | Elf:1    | Reached skill level 2 in Evocations
101637 | Elf:1    | Reached skill level 3 in Evocations
102007 | Elf:1    | Reached skill level 4 in Evocations
102389 | Elf:2    | Reached skill level 5 in Evocations
102439 | Elf:2    | Got a brightly glowing tin ring
102441 | Elf:2    | Identified the ring "Gimer" {Str+3 Int-4 SInv Stlth-} (You found it on level 2 of the Elven Halls)
102455 | Elf:2    | Noticed Roxanne
102655 | Elf:2    | Reached skill level 6 in Evocations
102702 | Elf:2    | Noticed Louise
102706 | Elf:2    | Killed Louise
102727 | Elf:2    | Noticed Aizul
102815 | Elf:2    | Killed Aizul
102862 | Elf:2    | Reached skill level 7 in Evocations
103044 | Elf:2    | Found a runed door.
103318 | Elf:2    | Found a runed door.
103435 | Elf:2    | Reached skill level 8 in Evocations
104006 | Elf:2    | Reached skill level 9 in Evocations
104435 | Elf:2    | Noticed Wiglaf
104441 | Elf:2    | Killed Wiglaf
105542 | Elf:3    | Entered Level 3 of the Elven Halls
106125 | Elf:3    | Found Cuck's Magic Scroll Shop.
106336 | Elf:3    | Noticed Asterion
106347 | Elf:3    | Killed Asterion
106834 | Elf:3    | Reached XP level 22. HP: 111/111 MP: 3/53
107078 | Elf:3    | Reached skill level 12 in Ice Magic
107163 | Elf:3    | HP: 21/111 [deep elf blademaster/short sword (11)]
107665 | Elf:3    | Got a twisted long sword
107668 | Elf:3    | Got an ivory mace
107669 | Elf:3    | Identified the cursed +3 mace "Bobiuth" {vamp, +Blink Str+5} (You took it off a deep elf sorcerer on level 3 of the Elven Halls)
107670 | Elf:3    | Identified the +12 long sword "Abribla" {distort, +Rage rF- MR+ Stlth-} (You took it off a deep elf annihilator on level 3 of the Elven Halls)
107832 | Elf:3    | Reached skill level 13 in Conjurations
107864 | Elf:3    | Got a slimy morningstar
107865 | Elf:3    | Identified the +4 morningstar of Qugge {freeze, *Rage rElec rF+} (You took it off a deep elf annihilator on level 3 of the Elven Halls)
107946 | Elf:3    | Identified a +5 rod of shadows (13/13) (You took it off a deep elf annihilator on level 3 of the Elven Halls)
108150 | Elf:3    | Learned a level 6 spell: Freezing Cloud
108224 | Elf:3    | Identified Sif Muna's Tome of Dusty Stolen Souls
108227 | Elf:3    | Identified the Disquisition on Warped Summoning
108700 | Depths:1 | Found a gateway to a ziggurat.
110389 | Depths:1 | Reached skill level 27 in Spellcasting
111266 | Depths:1 | Reached skill level 4 in Stealth
111531 | Depths:1 | Reached skill level 5 in Stealth
111721 | Depths:2 | Reached skill level 6 in Stealth
111803 | Depths:2 | Noticed Jorgrun
111819 | Depths:2 | Reached skill level 7 in Stealth
111835 | Depths:2 | Killed Jorgrun
111835 | Depths:2 | Reached skill level 8 in Stealth
112241 | Depths:2 | Reached skill level 9 in Stealth
112788 | Depths:2 | Identified a +2 lightning rod (11/11) (You took it off a necromancer on level 2 of the Depths)
113279 | Depths:2 | Got a sparkling marble ring
113281 | Depths:2 | Identified the ring "Cacetio" {rPois rC+ Int+3 Dex+3} (You found it on level 2 of the Depths)
113578 | Depths:2 | Reached skill level 13 in Ice Magic
113709 | Depths:2 | Reached XP level 23. HP: 73/115 MP: 53/55
114234 | Orc:4    | Bought an uncursed ring of flight for 192 gold pieces
114234 | Orc:4    | Bought a lamp of fire for 440 gold pieces
115966 | Depths:2 | Reached skill level 14 in Conjurations
116845 | Depths:3 | Reached skill level 14 in Ice Magic
119770 | Depths:3 | Found a one-way gate leading to the halls of Pandemonium.
119820 | Depths:3 | Found a one-way gate to the infinite horrors of the Abyss.
120252 | Depths:3 | Reached skill level 15 in Conjurations
121115 | Depths:4 | Reached skill level 15 in Ice Magic
121254 | Depths:4 | Reached XP level 24. HP: 120/120 MP: 48/55
121886 | Depths:4 | Noticed Saint Roka
122467 | Depths:4 | HP: 30/120 [Saint Roka/divine providence (12)]
122533 | Depths:4 | fugg
122862 | Depths:4 | pls
123349 | Depths:4 | Killed Saint Roka
125345 | Depths:4 | Noticed a greater mummy
125352 | Depths:4 | Killed a greater mummy
125620 | Depths:5 | Entered Level 5 of the Depths
125846 | Depths:5 | Reached skill level 16 in Ice Magic
126053 | Depths:5 | Reached skill level 16 in Conjurations
127145 | Depths:5 | Found a gate to the Realm of Zot.
128281 | Depths:5 | Identified a +3 rod of clouds (13/13) {!a} (You took it off a tengu warrior on level 5 of the Depths)
129416 | Depths:5 | Reached XP level 25. HP: 108/123 MP: 31/55
129989 | Depths:5 | Reached skill level 17 in Ice Magic
131141 | Depths:4 | Voluntarily entered the Abyss.
131141 | Abyss:1  | Found a corrupted altar of Lugonu.
131692 | Depths:4 | Escaped the Abyss
131924 | Depths:3 | Reached skill level 17 in Conjurations
132438 | Slime:1  | Entered Level 1 of the Pits of Slime
132440 | Slime:1  | Gained mutation: You are clumsy. (Dex -2) [a shining eye]
133621 | Slime:6  | Entered Level 6 of the Pits of Slime
134079 | Slime:6  | Noticed the royal jelly
134123 | Slime:5  | HP: 18/123 [acid (16)]
134126 | Slime:5  | HP: 5/123 [acid (10)]
134127 | Slime:5  | HP: 1/123 [acid (21)]
134127 | Slime:5  | Killed from afar by an acid blob

Vault maps used:
D:1:      elethiomel_arrival_infinity_welcomes_careful_drivers,
          serial_park_tiny_1
D:2:      ashenzari_altar_1, nicolae_qazlal_eye_of_the_storm, first_bread,
          kennysheep_generic_room_4
D:3:      uniq_iyjb, uniq_natasha
D:4:      grunt_gozag_breadcrumbs, hangedman_feature_mirror, kennysheep_doodads
D:5:      corexii_shantytown, zin_scriptorium, minmay_misc_feat_cross
D:6:      lemuel_round_altar, grunt_decor_mini_mirrors, eino_tiny_chamber
D:7:      lemuel_bear_cage, temple_statues, uniq_crazy_yiuf_cottage,
          uniq_joseph, uniq_pikel
D:8:      nemelex_deck, old_standard_altar, minmay_lair_entry_lava,
          enter_bailey_7, uniq_psyche
D:9:      the_bakery, uniq_gastronok
D:10:     david_orc_3
D:11:     minmay_quarter_circles, serial_shops,
          nicolae_shop_temple_entry_statues_fountains, grunt_decor_resistance
D:12:     lab_entry_generic, uniq_erolcha
D:13:     uniq_nessos, uniq_maud
D:14:     lightli_vaults_fourway_checkpoint, basic_altar
D:15:     hangedman_depths_entry_civil_slaughter, roderic_lattice_octagonal_star
Temple:   oiseaux_autumnal_temple_12
Lair:1:   beast_lair_carwin_large_2, portal_ice_cave_entry_ice_beasts
Lair:2:   columned_hall_lemuel
Lair:3:   nicolae_volcano_entry_s_turn
Lair:4:   minmay_swamp_entry_eels, st_stairs_8, serial_bayou_pond_c,
          serial_bayou_lagoon_a, beast_lair_carwin_10, uniq_harold
Lair:5:   basic_altar, uniq_snorg
Lair:6:   wad_woods_structure_01, guppyfry_snake_entry_island, slime_dummy,
          uniq_kirke
Lair:7:   minmay_lair_drake_nest, grunt_megastairs_2, lemuel_fruit_fields
Lair:8:   evil_forest, serial_bayou_shore_a, infiniplex_staircase_pool_2,
          serial_bayou_shore_b
Swamp:1:  evilmike_swamp_ruin_house_3, swamp_pool4, hangedman_swamp_dais
Swamp:2:  hangedman_swamp_diagram
Swamp:3:  evilmike_swamp_ruin_rubble_1, infiniplex_staircase_pool
Swamp:4:  swamp_old_school, swamp_pool4
Snake:1:  serial_shops, shop
Snake:2:  special_room, lemuel_fruit_tree
Snake:3:  basic_altar, nicolae_snake_shapes
Snake:4:  snake_pit, guppyfry_snake_island
Orc:1:    serial_shops, nicolae_shop_stone, special_room, uniq_maurice
Orc:2:    basic_altar, rock_pile
Orc:3:    nicolae_orc_pool_cavern, uniq_donald
Orc:4:    st_orc_elflike, serial_shops, nicolae_shop_crystal
Elf:1:    hangedman_elf_disciples
Elf:2:    mu_enter_wizlab_5, uniq_wiglaf, uniq_roxanne, uniq_louise, uniq_aizul
Elf:3:    minmay_elf_hall, serial_shops, shop, lemuel_statue_altar,
          uniq_asterion
Vaults:1: vaults_room_large_hall, v_rooms_4, nicolae_vaults_c_with_doors,
          nicolae_vaults_rhombus_7, nicolae_vaults_ninety_degrees,
          vaults_dpeg_diagonal, hangedman_vaults_slice, vaults_room_hallway,
          nicolae_vaults_rhombus_6
Vaults:2: blue_anna_dwarven_crypt, v_misc_18, v_misc_8, st_quartered_hall,
          v_misc_30, hangedman_vaults_pinch, grunt_vaults_funnel,
          vaults_room_hallway, vaults_room_hallway, v_misc_24,
          nicolae_vaults_little_squares_3, v_misc_19, uniq_norris
Vaults:3: vaults_room_semicircle, nicolae_vaults_circle_grid_a,
          ontoclasm_vaults_decontamination, nicolae_vaults_shelves_hall,
          hangedman_vaults_river_flow, vaults_dpeg_cross,
          hangedman_vaults_nails, grunt_vaults_hallway_short, v_misc_22
Vaults:4: v_alt_pattern_1, vaults_standard_mumra_x, nicolae_vaults_angled_halls,
          hangedman_vaults_nails, v_misc_23, v_rooms_1, v_misc_15, v_misc_3,
          vaults_room_grid
Vaults:5: serial_shops
Depths:1: enter_ziggurat_e, roderic_cross_of_infinity, hell_entry,
          kennysheep_four_rooms
Depths:2: lemuel_traditional_vault, pf_hell_entry_great_geh, minivault_16,
          ice2_lemuel, minmay_staircase_statues, uniq_jorgrun
Depths:3: minmay_quantized_circle, grunt_pan_entry_in_and_out, abyss_entry,
          hell_entry, hangedman_abyss_or_decor_jellyfish_corner
Depths:4: lemuel_minitomb, pf_coc_iceberg, abyss_entry, minmay_misc_feat_x,
          serial_bayou_shore_b, uniq_saint_roka
Depths:5: grunt_zot_entry_alcove, grunt_metal_band, hangedman_aviary,
          serial_bayou_shore_b
Lab:      labyrinth_hidden_loot, lab_fountain, labyrinth_glass_1
Bailey:   bailey_axe_3, bailey

Action                   |  1- 3 |  4- 6 |  7- 9 | 10-12 | 13-15 | 16-18 | 19-21 | 22-24 | 25-27 || total
-------------------------+-------+-------+-------+-------+-------+-------+-------+-------+-------++-------
Melee: Short sword       |     3 |    71 |   237 |   850 |   508 |   142 |    41 |    55 |    13 ||  1920
       Staff             |       |       |       |     5 |    12 |       |       |     2 |       ||    19
       Unarmed           |       |       |       |       |   146 |       |       |       |       ||   146
 Fire: Blowgun           |       |       |    17 |    56 |    45 |       |     2 |     5 |       ||   125
 Cast: Magic Dart        |   115 |   205 |   219 |   184 |    32 |       |       |       |       ||   755
       Dazzling Spray    |       |    31 |    99 |   209 |   247 |   228 |    12 |    21 |       ||   847
       Iskenderun's Myst |       |       |    25 |    53 |    11 |       |       |       |       ||    89
       Tukima's Dance    |       |       |    18 |     5 |     9 |    31 |     5 |     5 |       ||    73
       Searing Ray       |       |       |    13 |     5 |       |       |       |       |       ||    18
       Force Lance       |       |       |       |    18 |    22 |    99 |   120 |   266 |    43 ||   568
       Mephitic Cloud    |       |       |       |    97 |   271 |    79 |    34 |    11 |     1 ||   493
       Ozocubu's Armour  |       |       |       |    27 |    47 |    26 |    13 |     1 |       ||   114
       Sticky Flame      |       |       |       |    66 |   659 |   263 |    84 |    67 |    26 ||  1165
       Fireball          |       |       |       |    23 |    33 |   714 |   510 |    93 |    16 ||  1389
       Bolt of Fire      |       |       |       |     1 |    11 |    59 |   524 |   703 |   175 ||  1473
       Phase Shift       |       |       |       |       |    25 |    13 |     9 |     1 |       ||    48
       Regeneration      |       |       |       |       |     9 |    22 |    10 |     3 |       ||    44
       Poisonous Cloud   |       |       |       |       |    12 |    15 |    24 |    21 |     2 ||    74
       Haste             |       |       |       |       |     7 |    43 |    29 |    11 |     5 ||    95
       Freezing Cloud    |       |       |       |       |       |       |       |   165 |    13 ||   178
 Abil: Evoke Blink       |       |       |       |       |       |       |     1 |       |       ||     1
       Evoke Flight      |       |       |       |       |       |       |       |     2 |       ||     2
Evoke: Rod               |       |       |     1 |     1 |    11 |    10 |     5 |     5 |       ||    33
       Wand              |       |       |       |     2 |     3 |       |     1 |     4 |     2 ||    12
       Lamp of fire      |       |       |       |       |     1 |     1 |       |       |       ||     2
       Disc of storms    |       |       |       |       |       |     1 |       |       |       ||     1
       Phial of floods   |       |       |       |       |       |     1 |       |       |       ||     1
       Crystal ball of e |       |       |       |       |       |       |     3 |    17 |     1 ||    21
  Use: Scroll            |       |    11 |     4 |     9 |    21 |     6 |    15 |     8 |       ||    74
       Potion            |       |       |       |       |     2 |     5 |     1 |     6 |     2 ||    16
 Stab: Invisible         |       |     9 |    18 |    61 |    17 |       |       |       |       ||   105
       Sleeping          |       |       |     1 |     8 |     3 |     2 |     1 |     2 |       ||    17
       Distracted        |       |       |       |     1 |     1 |       |       |     1 |       ||     3
       Confused          |       |       |       |    12 |    15 |       |       |       |       ||    27
       Fleeing           |       |       |       |       |     1 |       |       |       |       ||     1
  Eat: Pizza             |       |     1 |       |     1 |       |     1 |     1 |     3 |       ||     7
       Bread ration      |       |     1 |     1 |     2 |     3 |     5 |     4 |     3 |       ||    19
       Fruit             |       |       |     5 |       |    12 |    15 |     4 |     6 |       ||    42
       Royal jelly       |       |       |       |     1 |     1 |     1 |     2 |       |       ||     5

Vault maps used:
D:1:      elethiomel_arrival_infinity_welcomes_careful_drivers,
          serial_park_tiny_1
D:2:      ashenzari_altar_1, nicolae_qazlal_eye_of_the_storm, first_bread,
          kennysheep_generic_room_4
D:3:      uniq_iyjb, uniq_natasha
D:4:      grunt_gozag_breadcrumbs, hangedman_feature_mirror, kennysheep_doodads
D:5:      corexii_shantytown, zin_scriptorium, minmay_misc_feat_cross
D:6:      lemuel_round_altar, grunt_decor_mini_mirrors, eino_tiny_chamber
D:7:      lemuel_bear_cage, temple_statues, uniq_crazy_yiuf_cottage,
          uniq_joseph, uniq_pikel
D:8:      nemelex_deck, old_standard_altar, minmay_lair_entry_lava,
          enter_bailey_7, uniq_psyche
D:9:      the_bakery, uniq_gastronok
D:10:     david_orc_3
D:11:     minmay_quarter_circles, serial_shops,
          nicolae_shop_temple_entry_statues_fountains, grunt_decor_resistance
D:12:     lab_entry_generic, uniq_erolcha
D:13:     uniq_nessos, uniq_maud
D:14:     lightli_vaults_fourway_checkpoint, basic_altar
D:15:     hangedman_depths_entry_civil_slaughter, roderic_lattice_octagonal_star
Temple:   oiseaux_autumnal_temple_12
Lair:1:   beast_lair_carwin_large_2, portal_ice_cave_entry_ice_beasts
Lair:2:   columned_hall_lemuel
Lair:3:   nicolae_volcano_entry_s_turn
Lair:4:   minmay_swamp_entry_eels, st_stairs_8, serial_bayou_pond_c,
          serial_bayou_lagoon_a, beast_lair_carwin_10, uniq_harold
Lair:5:   basic_altar, uniq_snorg
Lair:6:   wad_woods_structure_01, guppyfry_snake_entry_island, slime_dummy,
          uniq_kirke
Lair:7:   minmay_lair_drake_nest, grunt_megastairs_2, lemuel_fruit_fields
Lair:8:   evil_forest, serial_bayou_shore_a, infiniplex_staircase_pool_2,
          serial_bayou_shore_b
Swamp:1:  evilmike_swamp_ruin_house_3, swamp_pool4, hangedman_swamp_dais
Swamp:2:  hangedman_swamp_diagram
Swamp:3:  evilmike_swamp_ruin_rubble_1, infiniplex_staircase_pool
Swamp:4:  swamp_old_school, swamp_pool4
Snake:1:  serial_shops, shop
Snake:2:  special_room, lemuel_fruit_tree
Snake:3:  basic_altar, nicolae_snake_shapes
Snake:4:  snake_pit, guppyfry_snake_island
Orc:1:    serial_shops, nicolae_shop_stone, special_room, uniq_maurice
Orc:2:    basic_altar, rock_pile
Orc:3:    nicolae_orc_pool_cavern, uniq_donald
Orc:4:    st_orc_elflike, serial_shops, nicolae_shop_crystal
Elf:1:    hangedman_elf_disciples
Elf:2:    mu_enter_wizlab_5, uniq_wiglaf, uniq_roxanne, uniq_louise, uniq_aizul
Elf:3:    minmay_elf_hall, serial_shops, shop, lemuel_statue_altar,
          uniq_asterion
Vaults:1: vaults_room_large_hall, v_rooms_4, nicolae_vaults_c_with_doors,
          nicolae_vaults_rhombus_7, nicolae_vaults_ninety_degrees,
          vaults_dpeg_diagonal, hangedman_vaults_slice, vaults_room_hallway,
          nicolae_vaults_rhombus_6
Vaults:2: blue_anna_dwarven_crypt, v_misc_18, v_misc_8, st_quartered_hall,
          v_misc_30, hangedman_vaults_pinch, grunt_vaults_funnel,
          vaults_room_hallway, vaults_room_hallway, v_misc_24,
          nicolae_vaults_little_squares_3, v_misc_19, uniq_norris
Vaults:3: vaults_room_semicircle, nicolae_vaults_circle_grid_a,
          ontoclasm_vaults_decontamination, nicolae_vaults_shelves_hall,
          hangedman_vaults_river_flow, vaults_dpeg_cross,
          hangedman_vaults_nails, grunt_vaults_hallway_short, v_misc_22
Vaults:4: v_alt_pattern_1, vaults_standard_mumra_x, nicolae_vaults_angled_halls,
          hangedman_vaults_nails, v_misc_23, v_rooms_1, v_misc_15, v_misc_3,
          vaults_room_grid
Vaults:5: serial_shops
Depths:1: enter_ziggurat_e, roderic_cross_of_infinity, hell_entry,
          kennysheep_four_rooms
Depths:2: lemuel_traditional_vault, pf_hell_entry_great_geh, minivault_16,
          ice2_lemuel, minmay_staircase_statues, uniq_jorgrun
Depths:3: minmay_quantized_circle, grunt_pan_entry_in_and_out, abyss_entry,
          hell_entry, hangedman_abyss_or_decor_jellyfish_corner
Depths:4: lemuel_minitomb, pf_coc_iceberg, abyss_entry, minmay_misc_feat_x,
          serial_bayou_shore_b, uniq_saint_roka
Depths:5: grunt_zot_entry_alcove, grunt_metal_band, hangedman_aviary,
          serial_bayou_shore_b
Lab:      labyrinth_hidden_loot, lab_fountain, labyrinth_glass_1
Bailey:   bailey_axe_3, bailey

Table legend:
 A = Turns spent in this place as a percentage of turns spent in the entire game.
 B = Non-inter-level travel turns spent in this place as a percentage of non-inter-level travel turns spent in the entire game.
 C = Inter-level travel turns spent in this place as a percentage of turns spent in this place.
 D = Turns resting spent in this place as a percentage of non-inter-level travel turns spent in this place.
 E = Turns spent auto-exploring this place as a percentage of non-inter-level travel turns spent in this place.
 F = Non-inter-level travel turns spent in this place divided by the number of levels of this place that you've seen.
                   A       B       C       D       E      F
               +-------+-------+-------+-------+-------+----------------------
         Total | 100.0 | 100.0 |   0.5 |  11.7 |   6.4 | 524.0
       Dungeon |  24.7 |  24.6 |   0.6 |   9.5 |   6.4 | 499.4
        Temple |   0.0 |   0.0 |  22.2 |   0.0 |  71.4 |   7.0
          Lair |  21.2 |  21.2 |   0.3 |   8.5 |   3.0 | 807.2
         Swamp |   7.3 |   7.3 |   0.4 |  14.4 |   5.0 | 555.2
     Snake Pit |   8.1 |   8.1 |   0.5 |  20.9 |   9.3 | 615.5
    Slime Pits |   1.0 |   1.0 |   0.0 |  16.0 |   0.3 |  52.2
  Orcish Mines |   6.2 |   6.2 |   0.5 |   6.7 |   6.8 | 469.2
   Elven Halls |   4.7 |   4.7 |   0.5 |  15.5 |  13.4 | 474.0
        Vaults |   8.2 |   8.2 |   0.6 |  15.2 |  11.5 | 497.4
        Depths |  15.2 |  15.2 |   0.5 |  14.2 |   6.9 | 921.2
         Abyss |   1.1 |   1.1 |   0.0 |   5.0 |   1.2 | 337.0
     Labyrinth |   1.8 |   1.8 |   0.0 |   0.4 |   0.0 | 555.0
        Bailey |   0.5 |   0.5 |   0.0 |  15.2 |   8.2 | 158.0
               +-------+-------+-------+-------+-------+----------------------

Table legend:
 A = Kills in this place as a percentage of kills in entire the game.
 B = Kills by you in this place as a percentage of kills by you in the entire game.
 C = Kills by friends in this place as a percentage of kills by friends in the entire game.
 D = Other kills in this place as a percentage of other kills in the entire game.
 E = Experience gained in this place as a percentage of experience gained in the entire game.
 F = Experience gained in this place divided by the number of levels of this place that you have seen.
                   A       B       C       D       E      F
               +-------+-------+-------+-------+-------+----------------------
         Total | 100.0 | 100.0 | 100.0 | 100.0 | 100.0 | 21164.1
       Dungeon |  20.4 |  20.4 |  26.7 |  14.6 |   8.2 | 6731.3
          Lair |  15.5 |  15.1 |  20.0 |  41.5 |   7.6 | 11630.1
         Swamp |   7.4 |   7.6 |   0.0 |   0.0 |   6.6 | 20363.0
     Snake Pit |   9.3 |   9.4 |   0.0 |   2.4 |  11.3 | 34698.2
    Slime Pits |   2.4 |   2.4 |   0.0 |   0.0 |   2.7 | 5481.7
  Orcish Mines |   8.5 |   8.1 |   6.7 |  34.1 |   1.5 | 4742.0
   Elven Halls |   5.1 |   5.2 |   0.0 |   0.0 |   9.0 | 36797.3
        Vaults |  12.5 |  12.6 |   6.7 |   2.4 |  15.4 | 37749.4
        Depths |  17.7 |  17.9 |  20.0 |   4.9 |  36.9 | 90504.8
         Abyss |   0.7 |   0.7 |   0.0 |   0.0 |   0.7 | 8247.0
     Labyrinth |   0.0 |   0.0 |   0.0 |   0.0 |   0.1 | 1090.0
        Bailey |   0.5 |   0.5 |  20.0 |   0.0 |   0.0 | 403.0
               +-------+-------+-------+-------+-------+----------------------
